 Dungeon Crawl Stone Soup version 0.31-a0-845-g9abc20d24f (webtiles) character file.

Game seed: 4118337997512981973

1425 javelincjr the Changeling (level 8, -11/40 HPs)
             Began as a Spriggan Shapeshifter on Oct 2, 2023.
             Was a Follower of Makhleb.
             Mangled by Duvessa
             ... wielding a +0 short sword
              (12 damage)
             ... on level 6 of the Dungeon.
             The game lasted 00:20:49 (4248 turns).

javelincjr the Changeling (Spriggan Shapeshifter)   Turns: 4248, Time: 00:20:50

Health: -11/40     AC:  2    Str: 10    XL:     8   Next: 44%
Magic:  9/9        EV: 19    Int: 12    God:    Makhleb [*.....]
Gold:   256        SH:  0    Dex: 16    Spells: 5/7 levels left

rFire   . . .        j - melded +10 hand axe of Defiance {venom, *Corrode rF+ rN+ SInv}
rCold   . . .        (shield currently unavailable)
rNeg    . . .        a - +0 animal skin
rPois   .            (helmet restricted)
rElec   .            (no cloak)
rCorr   .            (gloves unavailable)
SInv    +            (boots unavailable)
Will    +....        k - amulet of the acrobat
Stlth   +            w - ring of wizardry
HPRegen 0.26/turn    C - ring of wizardry
MPRegen 0.11/turn

%: acrobat, wizardry (x2)
@: flux-form, glowing, very quick
A: glow, contaminating, very small, no large weapons, unfitting armour, see
invisible, speed 3
a: Begin Untransformation, Renounce Religion


You were on level 6 of the Dungeon.
You worshipped Makhleb.
Makhleb was aware of your devotion.
You were something dangerously unstable.
You visited 1 branch of the dungeon, and saw 6 of its levels.

You collected 256 gold pieces.

Inventory:

Hand Weapons
 j - the +10 hand axe of Defiance (melded) {venom, *Corrode rF+ rN+ SInv}
   (You found it on level 2 of the Dungeon)

   rF+:       It protects you from fire.
   rN+:       It protects you from negative energy.
   SInv:      It lets you see invisible.
   *Corrode:  It may corrode you when you take damage.
 n - a +3 spectral club
 o - the +6 whip "Mitemom" {freeze, +Blink rC+ Str-4 Int+3}
   (You found it on level 2 of the Dungeon)

   Str-4:     It affects your strength (-4).
   Int+3:     It affects your intelligence (+3).
   rC+:       It protects you from cold.
   +Blink:    It lets you blink.
 u - the +8 trident of the Octopus King {venom, rElec rPois}
   (You found it on level 3 of the Dungeon)

   rElec:     It insulates you from electricity.
   rPois:     It protects you from poison
 y - a +2 spectral quarterstaff
Missiles
 g - 5 javelins
 i - 38 stones (quivered)
 x - 6 boomerangs
 A - a throwing net
Armour
 a - a +0 animal skin (worn)
Jewellery
 k - an amulet of the acrobat (around neck)
 w - a ring of wizardry (left hand)
 C - a ring of wizardry (right hand)
Talismans
 c - a beast talisman
 d - a flux talisman (active)
 t - a serpent talisman
Wands
 q - a wand of flame (13)
Scrolls
 e - 2 scrolls of noise {unknown}
 f - 5 scrolls of identify {unknown}
 h - 3 scrolls of fog {unknown}
 r - a scroll of fear {unknown}
 s - a scroll of immolation {unknown}
 v - a scroll of vulnerability {unknown}
 B - 3 scrolls of poison {unknown}
Potions
 b - 2 potions of lignification
 l - a potion of curing {unknown}
 m - a potion of brilliance {unknown}
 p - a potion of berserk rage {unknown}
 z - 3 potions of enlightenment {unknown}


   Skills:
 + Level 3.3 Fighting
 * Level 3.7(4.1) Axes
 + Level 2.0(3.0) Polearms
 + Level 5.6 Dodging
 + Level 4.0 Unarmed Combat
 * Level 7.7 Shapeshifting


You had 5 spell levels left.
You knew the following spells:

 Your Spells              Type           Power      Damage    Failure   Level
a - Blink                 Tloc           0%         N/A       13%         2

Your spell library contained the following spells:

 Spells                   Type           Power      Damage    Failure   Level
 Slow                     Hex            0%         N/A       9%          1
 Ensorcelled Hibernation  Hex/Ice        0%         N/A       13%         2
 Lesser Beckoning         Tloc           0%         N/A       13%         2
 Momentum Strike          Conj/Tloc      0%         3d8       13%         2
 Passwall                 Tmut/Erth      0%         N/A       13%         2
 Confusing Touch          Hex            0%         N/A       24%         3
 Ozocubu's Armour         Ice            0%         N/A       24%         3
 Sigil of Binding         Hex            0%         N/A       24%         3
 Stone Arrow              Conj/Erth      0%         3d7       24%         3
 Swiftness                Air            0%         N/A       24%         3
 Tukima's Dance           Hex            0%         N/A       24%         3
 Vampiric Draining        Necr           0%         2d6       24%         3
 Animate Armour           Summ/Erth      0%         N/A       58%         4
 Passage of Golubria      Tloc           0%         N/A       58%         4
 Yara's Violent Unravell  Hex/Tmut       0%         3d3       89%         5
 Ozocubu's Refrigeration  Ice            0%         4d7       100%        7
 Lehudib's Crystal Spear  Conj/Erth      0%         10d2      100%        8


Dungeon Overview and Level Annotations

Branches:
Dungeon (6/15)             Temple (0/1) D:6

Altars:
Cheibriados
Dithmenos
Elyvilon
Fedhas
Hepliaklqana
Makhleb
Uskayaw
Xom

Shops:
D:2 ?[

Annotations:
D:6 Duvessa


Innate Abilities, Weirdness & Mutations

You are something dangerously unstable.
You glow with magical radiation, making you easy to see and hit.
Foes you strike become dangerously contaminated with magical radiation.
You are incapable of wielding weapons or throwing items.
You are very small and have problems with some larger weapons.
You are too small for most types of armour.
You have supernaturally acute eyesight. (SInv)
You cover ground extremely quickly. (Speed+++)


Message History

You closely miss the phantom.
The phantom is almost destroyed.
Duvessa shouts!
Duvessa goes berserk!
The phantom barely misses you.
You hit the phantom.
You destroy the phantom!
Makhleb accepts your kill.
Duvessa rages.
Your base Polearms skill increases to level 2!
Your Unarmed Combat skill increases to level 4!
There is a stone staircase leading up here.
Aiming: Throw Flame
Press: ? - help, Q - select action, (/) - cycle Shift-Dir - straight line, f - Duvessa
Aim: Duvessa, wielding a +0 short sword and wearing a +1 leather armour of cold resistance (berserk, 72% to hit)
The puff of flame hits Duvessa!
Duvessa is lightly wounded.
Aiming: Throw Flame
Press: ? - help, Q - select action, (/) - cycle Shift-Dir - straight line, f/p - Duvessa
Aim: Duvessa, wielding a +0 short sword and wearing a +1 leather armour of cold resistance (lightly wounded, berserk, 72% to hit)
The puff of flame hits Duvessa.
Duvessa is lightly wounded.
Aiming: Throw Flame
Press: ? - help, Q - select action, (/) - cycle Shift-Dir - straight line, f/p - Duvessa
Aim: Duvessa, wielding a +0 short sword and wearing a +1 leather armour of cold resistance (lightly wounded, berserk, 72% to hit)
The puff of flame hits Duvessa.
Duvessa is lightly wounded.
Aiming: Throw Flame
Press: ? - help, Q - select action, (/) - cycle Shift-Dir - straight line, f/p - Duvessa
Aim: Duvessa, wielding a +0 short sword and wearing a +1 leather armour of cold resistance (lightly wounded, berserk, 72% to hit)
The puff of flame hits Duvessa but does no damage.
Duvessa is lightly wounded.
Duvessa hits you with a +0 short sword!
You hit Duvessa but do no damage.
Duvessa begins to glow.
Duvessa is lightly wounded.
Duvessa hits you with a +0 short sword!
* * * LOW HITPOINT WARNING * * *
You completely miss Duvessa.
Duvessa is lightly wounded.
Duvessa hits you with a +0 short sword!
You die...

##.....#.#._.#.............#.##
#.....#####...#.........##....##
#...#....##...#................#
#....##...###'##........###......
#.............##.......####.....#
......#.....####..........##.####
#......[##....###......#
#........#....##.......#
#.....##.ep..##......###
....♣♣♣♣.##...)..........## #...
♣..#...............#### ....
♣........###..<.......#.## ..)
♣._.....###..............# .
♣....#.##...#.#.#.#.#.#...
♣..♣##.#.................. ♣♣
♣#.......#.......#.##..
#.............[........


You could see Duvessa (berserk, contam).

Vanquished Creatures
  A water moccasin (D:5)
  An ice beast (D:5)
  2 ogres
  2 phantoms
  4 wights (D:6)
  3 scorpions
  Dowan (D:6)
  A howler monkey (D:5)
  A hound (D:6)
  A jelly (D:5)
  Ijyb (D:3)
  2 sleepcaps
  Jessica (D:2)
  2 orc wizards
  Natasha (thrice) (D:2)
  4 adders
  2 white imps
  An ufetubus (D:5)
  A worm (D:3)
  11 orcs
  4 bats
  11 endoplasms
  2 giant cockroaches
  3 goblins
  6 hobgoblins
  9 jackals
  8 kobolds
  4 quokkas
  5 ball pythons
  7 frilled lizards
  7 rats
111 creatures vanquished.

Notes
Turn   | Place    | Note
-------+----------+-------------------------------------------
     0 | D:1      | javelincjr the Spriggan Shapeshifter began the quest for
                  | the Orb.
     0 | D:1      | Reached XP level 1. HP: 9/9 MP: 2/2
   192 | D:1      | Reached skill level 1 in Fighting
   197 | D:1      | Reached XP level 2. HP: 13/14 MP: 3/3
   530 | D:1      | Reached XP level 3. HP: 18/18 MP: 4/4
   583 | D:2      | Identified the +10 hand axe of Defiance {venom, *Corrode
                  | rF+ rN+ SInv}
   676 | D:2      | Found Xuenies's Magic Scroll Emporium.
   678 | D:2      | Noticed Natasha
   685 | D:2      | Killed Natasha
   777 | D:2      | Noticed Natasha
   784 | D:2      | Killed Natasha
   785 | D:2      | Reached skill level 5 in Shapeshifting
   785 | D:2      | Reached XP level 4. HP: 22/22 MP: 5/5
  1006 | D:2      | Noticed Jessica
  1010 | D:2      | Killed Jessica
  1011 | D:2      | Found Jabof's Armour Boutique.
  1035 | D:2      | Identified the +6 whip "Mitemom" {freeze, +Blink rC+ Str-4
                  | Int+3}
  1082 | D:2      | Reached skill level 1 in Axes
  1276 | D:2      | Noticed Natasha
  1280 | D:2      | Killed Natasha
  1281 | D:2      | Reached XP level 5. HP: 26/26 MP: 6/6
  1468 | D:3      | Noticed Ijyb
  1477 | D:3      | Killed Ijyb
  1498 | D:3      | Found a hide-covered altar of Uskayaw.
  1873 | D:3      | Found the +8 trident of the Octopus King {venom, rElec
                  | rPois}
  2208 | D:4      | Found a hazy altar of Hepliaklqana.
  2327 | D:4      | Noticed a phantom
  2337 | D:4      | Killed a phantom
  2338 | D:4      | Reached XP level 6. HP: 30/30 MP: 7/7
  2428 | D:4      | Found a blossoming altar of Fedhas.
  2438 | D:4      | Reached skill level 6 in Shapeshifting
  2444 | D:4      | Found a burning altar of Makhleb.
  2844 | D:4      | Became a worshipper of Makhleb the Destroyer
  2860 | D:5      | Entered Level 5 of the Dungeon
  2866 | D:5      | Noticed a water moccasin
  2874 | D:5      | Killed a water moccasin
  2875 | D:5      | Reached XP level 7. HP: 35/35 MP: 8/8
  2886 | D:5      | Reached skill level 1 in Polearms
  3198 | D:5      | Reached skill level 5 in Dodging
  3410 | D:5      | Found a white marble altar of Elyvilon.
  3461 | D:5      | Found a snail-covered altar of Cheibriados.
  3672 | D:6      | Reached skill level 7 in Shapeshifting
  3726 | D:6      | Reached XP level 8. HP: 29/40 MP: 9/9
  3921 | D:6      | Reached * piety under Makhleb
  4031 | D:6      | Learned a level 2 spell: Blink
  4054 | D:6      | Found a staircase to the Ecumenical Temple.
  4173 | D:6      | Noticed Dowan
  4190 | D:6      | Killed Dowan
  4211 | D:6      | Found a shimmering altar of Xom.
  4223 | D:6      | Found a shadowy altar of Dithmenos.
  4233 | D:6      | Noticed Duvessa
  4247 | D:6      | HP: 1/40 [Duvessa/+0 short sword (14)]
  4248 | D:6      | Mangled by Duvessa

Illustrated notes

Levels and vault maps discovered:
D:1:      saegor_arrival_simple_b, layout_loops_cross
D:2:      layout_basic, serial_shops, shop, shop, kennysheep_generic_room_15,
          uniq_jessica, uniq_natasha
D:3:      layout_loops_ring, mainiacjoe_overflow_six_doors_small, uniq_ijyb
D:4:      layout_basic, overflow_temple_1_default,
          nicolae_overflow_crystal_walls, mainiacjoe_overflow_boulevard,
          ebering_dispersal_statue_hall
D:5:      layout_loops_cross, kennysheep_mini, lemuel_doored_altar, minivault_1
D:6:      layout_cave_pools, mainiacjoe_overflow_alcove_1,
          grunt_dithmenos_shadows, minmay_temple_entry_glass,
          hangedman_decor_points, uniq_duvessa

Skill      XL: |  1  2  3  4  5  6  7  8 |
---------------+-------------------------+-----
Fighting       | 1 2 3 |  3.3
Dodging        | 3 4 5 |  5.6
Shapeshifting  | 5 6 7 |  7.7
Axes           | 1 2 3 |  3.7
Unarmed Combat | 3 4 |  4.0
Polearms       | 1 2 |  2.0

Action                     |  1- 3 |  4- 6 |  7- 9 || total
---------------------------+-------+-------+-------++-------
  Melee: Unarmed           |    58 |       |    19 ||    77
         Punch             |     1 |     3 |       ||     4
         Hand axe          |    16 |    79 |    59 ||   154
  Throw: Stone             |       |     9 |    39 ||    48
  Evoke: Wand              |       |       |     4 ||     4
   Stab: Sleeping          |     2 |     7 |     1 ||    10
 Armour: Animal skin       |    17 |    19 |    27 ||    63
  Dodge: Dodged            |    42 |    52 |    61 ||   155
   Form: Flux              |       |       |     1 ||     1

Table legend: (Time is in decaauts)
 A = Elapsed time spent in this place.
 B = Non-inter-level travel time spent in this place.
 C = Inter-level travel time spent in this place.
 D = Time resting spent in this place.
 E = Time spent auto-exploring this place.
 F = Levels seen in this place.
 G = Mean time per level.
                   A        B        C        D        E       F      G
               +--------+--------+--------+--------+--------+-----+--------+
         Total |   2975 |   2877 |     98 |    207 |   1941 |   6 |  495.8 |
       Dungeon |   2975 |   2877 |     98 |    207 |   1941 |   6 |  495.8 |
               +--------+--------+--------+--------+--------+-----+--------+

Top non-repeatable levels by time:
     D:5: 565 daAuts
     D:2: 556 daAuts
     D:3: 509 daAuts
     D:4: 494 daAuts
     D:6: 468 daAuts
     D:1: 381 daAuts
